Map: Ruins of Seras

Players

Nerchio - Winner!

  • Race: Zerg Zerg
  • League: Grandmaster

ShoWTimE

  • Race: Protoss Protoss
  • League: Master

Event: Homestory Cup XII

VOD

Have the link to the VOD?

Description

Time

  • Played on: Dec. 19, 2015, 9:22 a.m.
  • Length: 30:10

All games in this series

Show
View Real Time Build Order
Export as new Build Order

Nerchio Zerg - Winner!

Build Orders: Hatch First 

Get SALT Encoding   

  12  0:00  Drone  
  13  0:12  Overlord  
  13  0:18  Drone  
  14  0:30  Drone  
  14  0:31  Drone  
  14  0:34  Drone  
  17  0:53  Hatchery  
  17  0:56  Drone  
  17  0:59  Drone  
  18  1:13  Spawning Pool  
  18  1:17  Drone  
  18  1:20  Drone  
  19  1:40  Hatchery  
  19  1:43  Drone  
  19  1:46  Drone  
  20  1:59  Queen  
  22  2:04  Queen  
  22  2:08  Zergling x2  
  25  2:11  Drone  
  25  2:13  Drone  
  27  2:18  Overlord  
  27  2:21  Drone  
  28  2:37  Drone x3  
  28  2:38  Drone  
  28  2:40  Queen  
  34  2:46  Extractor  
  34  2:47  Extractor  
  34  2:49  Queen  
  34  2:52  Drone  
  34  2:56  Drone  
  34  2:57  Drone  
  37  2:59  Drone  
  37  3:02  Drone  
  37  3:05  Drone  
  40  3:08  Overlord  
  40  3:11  Zergling x2  
  41  3:13  Zergling x2  
  41  3:19  Overlord  
  42  3:27  Drone x2, Zergling x4  
  42  3:29  Drone  
  42  3:31  Drone  
  48  3:35  Drone  
  48  3:38  Drone  
  50  3:43  Drone x2  
  53  3:48  Drone  
  53  3:49  Drone x3  
  53  3:52  Spore Crawler  
  54  3:57  Drone x2  
  54  4:02  Drone x2  
  57  4:03  Overlord  
  57  4:07  Overlord  
  56  4:12  Extractor  
  56  4:13  Drone x2, Extractor  
  56  4:16  Overlord  
  56  4:18  Spore Crawler  
  56  4:21  Spore Crawler  
  56  4:22  Drone  
  56  4:23  Drone  
  56  4:25  Drone  
  56  4:26  Drone  
  56  4:29  Drone x2  
  60  4:31  Drone  
  60  4:37  Drone, Roach Warren  
  61  4:38  Drone  
  61  4:42  Drone x2  
  64  5:03  Zergling x4  
  64  5:05  Spine Crawler  
  65  5:13  Lair  
  64  5:17  Roach x8  
  64  5:18  Overlord x2  
  64  5:20  Overlord  
  80  5:26  Overlord  
  79  5:29  Drone x2  
  79  5:33  Overlord  
  81  5:37  Roach  
  81  5:38  Roach x4  
  81  5:39  Roach  
  93  5:44  Roach x2  
  97  5:50  Roach  
  97  5:51  Roach  
  97  5:55  Roach  
  103  5:59  Roach  
  103  6:00  Ravager  
  103  6:01  Ravager x7  
  103  6:02  Roach x3  
  119  6:05  Roach  
  119  6:07  Overlord  
  119  6:09  Overlord  
  119  6:11  Glial Reconstitution  
  121  6:14  Overlord  
  121  6:16  Overlord  
  121  6:20  Extractor  
  121  6:21  Overlord  
  120  6:32  Roach x2  
  122  6:33  Roach x3  
  122  6:35  Roach x2  
  122  6:36  Roach  
  122  6:38  Roach  
  122  6:39  Roach  
  128  6:44  Roach  
  128  6:46  Roach  
  124  6:48  Drone  
  124  6:52  Ravager x2  
  127  6:56  Drone  
  127  6:58  Drone x2  
  127  6:59  Drone  
  127  7:00  Drone x2  
  129  7:07  Drone  
  129  7:09  Drone x2  
  129  7:11  Extractor  
  129  7:13  Queen  
  132  7:15  Drone  
  132  7:21  Drone x2  
  135  7:24  Spire  
  135  7:26  Drone  
  135  7:28  Drone  
  135  7:29  Drone  
  137  7:31  Drone x2  
  139  7:47  Roach x2  
  141  7:52  Hatchery  
  140  7:59  Drone x2  
  140  8:04  Overlord  
  142  8:18  Drone  
  143  8:20  Overlord x2  
  142  8:29  Overlord  
  142  8:32  Overseer  
  142  8:33  Roach x2  
  142  8:34  Roach x2  
  150  8:36  Mutalisk x6  
  150  8:37  Mutalisk  
  150  8:38  Mutalisk  
  150  8:39  Mutalisk  
  150  8:40  Extractor  
  150  8:41  Extractor  
  166  8:46  Hydralisk Den  
  166  8:47  Mutalisk  
  167  8:50  Mutalisk  
  167  8:54  Drone x3  
  172  8:59  Mutalisk x2  
  173  9:06  Drone  
  173  9:07  Drone x3  
  172  9:13  Drone x3  
  172  9:15  Drone  
  172  9:16  Drone  
  175  9:17  Drone  
  175  9:19  Drone  
  177  9:31  Mutalisk x4  
  177  9:38  Mutalisk x2  
  177  9:40  Mutalisk  
  177  9:42  Zergling x2  
  175  9:45  Mutalisk  
  175  9:48  Mutalisk  
  175  9:51  Mutalisk  
  174  9:56  Zergling x8  
  174  9:57  Zergling x2  
  174  9:58  Zergling x2  
  164  10:00  Zergling x4  
  164  10:02  Zergling x2  
  164  10:05  Zergling x6  
  170  10:07  Mutalisk  
  170  10:13  Mutalisk  
  174  10:20  Mutalisk x4  
  174  10:24  Zergling x6  
  174  10:26  Mutalisk  
  169  10:29  Zergling x4  
  169  10:30  Zergling x2  
  169  10:31  Mutalisk  
  169  10:33  Zergling x2  
  169  10:35  Mutalisk  
  165  10:37  Zergling x2  
  165  10:39  Zergling x4  
  170  10:44  Mutalisk  
  170  10:47  Mutalisk  
  170  10:49  Mutalisk  
  176  10:53  Mutalisk  
  176  10:56  Overlord  
  178  10:57  Overlord  
  178  10:59  Overlord  
  178  11:00  Overlord  
  178  11:02  Zerg Flyer Armor Level 1  
  166  11:11  Zergling x12  
  166  11:18  Corruptor x2  
  161  11:24  Corruptor  
  161  11:25  Corruptor  
  153  11:31  Mutalisk x2  
  132  11:34  Mutalisk  
  132  11:38  Mutalisk  
  129  11:40  Zergling x8  
  129  11:44  Corruptor  
  134  11:47  Mutalisk  
  134  11:54  Roach x5  
  138  11:56  Roach  
  138  11:58  Roach  
  138  12:00  Roach  
  146  12:06  Drone  
  146  12:07  Drone x5  
  152  12:12  Overseer  
  152  12:13  Overseer  
  152  12:21  Hatchery  
  151  12:23  Metabolic Boost  
  151  12:29  Roach x5  
  161  12:34  Roach  
  161  12:35  Roach  
  165  12:39  Roach x2  
  165  12:43  Mutalisk x2  
  171  12:45  Mutalisk  
  171  12:46  Mutalisk  
  171  12:50  Mutalisk  
  179  12:53  Mutalisk  
  179  12:54  Mutalisk  
  179  12:57  Roach x2  
  183  13:04  Corruptor x2  
  187  13:11  Roach  
  187  13:12  Roach  
  191  13:18  Overlord  
  191  13:19  Overlord x2  
  189  13:20  Overlord  
  189  13:24  Overlord x2  
  188  13:34  Roach x6  
  179  13:38  Roach x2  
  179  13:39  Roach x2  
  177  13:41  Roach  
  177  13:46  Ravager x5  
  177  13:47  Ravager x3  
  177  13:48  Roach  
  187  13:51  Roach  
  187  13:52  Zergling x2  
  187  13:53  Zergling x2  
  187  13:55  Zergling x4  
  193  14:07  Zergling x8  
  193  14:08  Zergling x4  
  193  14:09  Zergling x4  
  177  14:11  Zergling x2  
  177  14:12  Zergling x2  
  177  14:13  Zergling x4  
  141  14:17  Zergling x2  
  141  14:20  Zergling x4  
  141  14:23  Roach  
  141  14:24  Roach  
  141  14:28  Roach x2  
  141  14:31  Roach  
  147  14:34  Roach x2  
  147  14:37  Drone x2  
  153  14:47  Zerg Flyer Armor Level 2  
  153  14:52  Infestation Pit  
  152  14:53  Mutalisk  
  152  14:54  Mutalisk  
  152  14:57  Mutalisk  
  158  15:01  Mutalisk  
  158  15:04  Mutalisk  
  149  15:08  Mutalisk  
  149  15:09  Mutalisk  
  149  15:14  Mutalisk  
  147  15:16  Zergling x2  
  147  15:17  Zergling x2  
  147  15:19  Zergling x2  
  147  15:21  Zergling x2  
  150  15:29  Infestor  
  150  15:30  Infestor  
  150  15:31  Infestor  
  150  15:34  Spore Crawler  
  155  15:40  Hive  
  155  15:43  Zergling x2  
  155  15:44  Zergling x4  
  155  15:45  Zergling x2  
  155  15:47  Zergling x2  
  155  15:49  Zergling x2  
  161  15:54  Zergling x8  
  162  15:57  Zergling x2  
  162  16:02  Zergling x2  
  162  16:03  Zergling x2  
  149  16:12  Zergling x6  
  149  16:15  Zergling x4  
  149  16:17  Drone  
  149  16:18  Drone  
  144  16:19  Drone  
  144  16:22  Drone  
  144  16:23  Drone  
  144  16:25  Drone  
  144  16:28  Drone x2  
  144  16:30  Drone  
  146  16:48  Hydralisk x4  
  146  16:51  Hydralisk  
  146  16:54  Hydralisk  
  156  17:01  Hydralisk x2  
  158  17:04  Overlord  
  158  17:08  Overlord  
  162  17:12  Lurker Den  
  148  17:46  Hatchery  
  148  17:50  Hydralisk  
  145  17:55  Drone x3  
  139  18:11  Roach x6  
  147  18:13  Ultralisk Cavern  
  147  18:19  Roach  
  146  18:22  Roach  
  146  18:29  Neural Parasite  
  145  18:34  Ravager x6  
  145  18:35  Ravager x2  
  145  18:38  Overseer  
  145  18:39  Lurker x2  
  155  18:46  Extractor  
  154  19:03  Lurker  
  155  19:10  Zergling x14  
  155  19:13  Hatchery  
  161  19:18  Zergling x2  
  161  19:19  Zergling x8  
  157  19:41  Lurker  
  157  19:42  Lurker x3  
  161  19:45  Overseer  
  161  19:48  Extractor x2  
  161  19:51  Zergling x2  
  161  19:52  Zergling x12  
  165  20:02  Mutalisk  
  165  20:16  Drone x3  
  168  20:26  Mutalisk  
  170  20:33  Overlord x3  
  170  20:46  Overlord  
  168  21:00  Mutalisk x2  
  172  21:23  Mutalisk  
  172  21:24  Mutalisk x2  
  175  21:33  Zergling x8  
  175  21:36  Drone x5  
  178  21:47  Mutalisk x2  
  178  21:50  Extractor  
  181  21:55  Mutalisk  
  180  22:12  Drone x3  
  180  22:13  Drone x2  
  167  22:19  Roach x5  
  171  22:25  Drone x8  
  176  22:30  Drone x3  
  175  22:48  Hatchery  
  164  22:57  Zergling x14  
  160  23:03  Greater Spire  
  160  23:05  Zergling x4  
  146  23:11  Mutalisk  
  134  23:30  Mutalisk x2  
  134  23:36  Zergling x10  
  134  23:38  Zergling x4  
  139  23:42  Drone  
  139  23:43  Drone x4  
  139  23:48  Mutalisk  
  144  23:55  Drone x4  
  148  24:03  Roach x3  
  148  24:04  Roach  
  148  24:08  Roach  
  157  24:11  Roach, Extractor  
  157  24:12  Roach  
  157  24:22  Roach  
  157  24:23  Roach x2  
  158  24:25  Roach  
  158  24:27  Zergling x2  
  158  24:29  Zergling x2  
  162  24:31  Roach  
  164  24:45  Hydralisk x3  
  163  24:51  Hydralisk x2  
  166  24:55  Hydralisk  
  161  25:11  Ravager x2  
  156  25:22  Roach x3  
  156  25:27  Roach  
  164  25:34  Roach  
  160  25:35  Roach  
  160  25:37  Roach  
  160  25:42  Roach  
  159  25:48  Overlord  
  159  26:00  Overlord  
  159  26:01  Overlord  
  159  26:02  Overlord  
  145  26:19  Hydralisk x3  
  146  26:43  Brood Lord  
  146  26:53  Drone x3  
  150  26:54  Drone  
  150  27:05  Brood Lord  
  150  27:07  Hatchery  
  146  27:31  Brood Lord  
  146  27:33  Zergling x2  
  146  27:34  Zergling x14  
  147  27:55  Zergling x8  
  151  28:06  Hydralisk Den  
  150  28:15  Overlord  
  149  28:28  Overlord  
  149  28:29  Brood Lord  
  149  28:32  Zergling x4  
  150  28:42  Zergling x6  
  135  28:49  Hydralisk x2  
  133  29:10  Zergling x16  
  141  29:17  Hydralisk  
  143  29:27  Zergling x6  
  135  29:36  Zergling x6  
  126  29:48  Zergling x4  
  126  29:49  Zergling x2  
Show
View Real Time Build Order
Export as new Build Order

ShoWTimE Protoss 

Build Orders: Nexus First 

Get SALT Encoding   

  12  0:00  Probe (Chrono Boost)  
  13  0:11  Probe (Chrono Boost)  
  14  0:17  Pylon  
  14  0:23  Probe (Chrono Boost)  
  15  0:36  Probe (Chrono Boost)  
  16  0:46  Probe (Chrono Boost)  
  17  1:01  Nexus  
  17  1:12  Gateway  
  17  1:16  Probe (Chrono Boost)  
  18  1:22  Assimilator  
  18  1:27  Probe (Chrono Boost)  
  18  1:30  Assimilator  
  19  1:37  Probe (Chrono Boost)  
  20  1:48  Probe (Chrono Boost)  
  20  1:49  Gateway  
  21  1:59  Probe (Chrono Boost)  
  21  2:01  Cybernetics Core  
  22  2:10  Probe (Chrono Boost)  
  22  2:13  Probe (Chrono Boost)  
  24  2:20  Probe (Chrono Boost)  
  25  2:24  Probe (Chrono Boost)  
  26  2:30  Probe (Chrono Boost)  
  26  2:34  Probe (Chrono Boost)  
  28  2:37  Adept x2 (Chrono Boost)  
  28  2:42  Mothership Core (Chrono Boost)  
  34  2:45  Probe  
  34  2:46  Warp Gate  
  35  2:51  Pylon  
  35  2:58  Probe (Chrono Boost)  
  36  3:03  Probe (Chrono Boost)  
  37  3:06  Twilight Council  
  37  3:09  Probe (Chrono Boost)  
  38  3:14  Probe (Chrono Boost), Adept  
  42  3:20  Probe (Chrono Boost)  
  42  3:24  Pylon  
  42  3:25  Probe (Chrono Boost)  
  43  3:31  Probe (Chrono Boost)  
  44  3:36  Probe (Chrono Boost), Robotics Facility  
  45  3:42  Probe (Chrono Boost)  
  45  3:44  Resonating Glaives (Chrono Boost)  
  45  3:46  Probe (Chrono Boost)  
  47  3:52  Probe (Chrono Boost)  
  48  3:57  Probe (Chrono Boost)  
  47  4:03  Probe (Chrono Boost)  
  47  4:07  Probe (Chrono Boost)  
  49  4:10  Gateway  
  49  4:11  Gateway  
  49  4:14  Probe  
  49  4:16  Pylon  
  48  4:19  Forge  
  48  4:20  Probe  
  48  4:23  Assimilator  
  49  4:24  Warp Prism (Chrono Boost)  
  49  4:26  Probe  
  49  4:27  Assimilator  
  52  4:32  Pylon  
  52  4:33  Probe  
  53  4:40  Probe  
  54  4:48  Adept x2  
  54  4:52  Protoss Ground Weapons Level 1 (Chrono Boost)  
  58  4:56  Observer (Chrono Boost)  
  59  5:03  Probe x2  
  59  5:04  Nexus  
  59  5:05  Pylon  
  61  5:15  Probe  
  61  5:16  Probe  
  61  5:19  Pylon  
  61  5:20  Immortal (Chrono Boost)  
  67  5:27  Probe  
  68  5:32  Gateway  
  68  5:33  Gateway  
  68  5:34  Sentry x3  
  74  5:44  Sentry  
  74  5:48  Gateway  
  76  5:55  Gateway  
  80  5:57  Immortal (Chrono Boost), Pylon  
  80  5:58  Probe x2  
  80  5:59  Sentry  
  84  6:09  Blink  
  84  6:10  Stalker, Pylon  
  86  6:12  Pylon  
  86  6:16  Photon Cannon  
  86  6:18  Probe  
  86  6:19  Probe x2  
  89  6:32  Stalker x2  
  93  6:38  Pylon  
  97  6:43  Mothership Core  
  97  6:46  Stalker  
  96  6:47  Probe  
  96  6:49  Zealot  
  96  6:52  Adept x2  
  98  6:54  Immortal  
  98  7:01  Probe x2  
  104  7:04  Stalker x3  
  107  7:12  Stalker x2  
  107  7:17  Pylon  
  107  7:24  Adept  
  107  7:27  Pylon  
  107  7:29  Pylon  
  109  7:34  Probe, Robotics Bay  
  109  7:35  Probe x2  
  109  7:36  Protoss Ground Weapons Level 2 (Chrono Boost)  
  112  7:44  Probe  
  112  7:46  Photon Cannon  
  112  7:47  Probe  
  114  7:53  Probe  
  114  7:54  Adept x4  
  114  7:56  Probe  
  124  8:00  Assimilator x2  
  124  8:03  Probe  
  124  8:04  Pylon  
  125  8:13  Photon Cannon  
  125  8:15  Stalker x4  
  133  8:23  Disruptor (Chrono Boost)  
  133  8:25  Probe  
  137  8:29  Nexus  
  137  8:32  Pylon  
  137  8:39  Stalker x2  
  141  8:47  Pylon, Stargate  
  141  8:49  Stargate  
  141  8:52  Pylon  
  141  8:59  Disruptor (Chrono Boost)  
  141  9:01  Adept x2  
  141  9:02  Adept  
  134  9:18  Photon Cannon  
  134  9:22  Pylon  
  134  9:23  Stalker x4  
  134  9:24  Stalker x2  
  137  9:32  Disruptor (Chrono Boost)  
  137  9:33  Phoenix  
  131  9:46  Phoenix  
  131  9:47  Stalker  
  131  9:48  Stalker x2  
  131  9:50  Probe  
  126  9:58  Stalker x3  
  126  9:59  Probe  
  123  10:01  Probe  
  123  10:02  Probe  
  125  10:08  Zealot x2  
  125  10:11  Probe  
  125  10:12  Probe  
  131  10:15  Probe  
  131  10:16  Stalker x3  
  131  10:19  Phoenix (Chrono Boost)  
  136  10:23  Probe, Phoenix (Chrono Boost)  
  136  10:24  Probe  
  136  10:33  Probe  
  136  10:34  Assimilator  
  129  10:36  Assimilator  
  129  10:38  Stalker x2  
  133  10:44  Phoenix (Chrono Boost)  
  133  10:47  Adept x2  
  133  10:48  Adept x2  
  133  10:49  Phoenix (Chrono Boost)  
  145  10:52  Probe x2  
  144  11:02  Probe  
  145  11:05  Phoenix (Chrono Boost)  
  138  11:20  Adept x5  
  140  11:26  Phoenix (Chrono Boost)  
  140  11:27  Phoenix (Chrono Boost)  
  140  11:31  Probe  
  140  11:32  Probe x2  
  123  11:44  Probe x3  
  123  11:45  Stalker x6  
  123  11:46  Stalker  
  140  11:48  Phoenix (Chrono Boost)  
  140  11:52  Phoenix (Chrono Boost)  
  142  11:55  Probe  
  142  11:56  Probe x3  
  146  12:04  Adept, Pylon  
  146  12:05  Probe  
  146  12:08  Probe  
  150  12:11  Stalker x3  
  150  12:14  Probe  
  155  12:21  Stalker  
  155  12:22  Stalker  
  159  12:31  Probe  
  153  12:41  Phoenix (Chrono Boost)  
  149  12:56  Stalker x5  
  149  12:57  Stalker x2  
  163  13:06  Oracle (Chrono Boost)  
  163  13:12  Stalker  
  166  13:22  Stalker x5  
  170  13:41  Phoenix x2 (Chrono Boost)  
  162  13:43  Warp Prism  
  162  13:45  Stalker x4  
  172  13:51  Stalker  
  158  14:14  Disruptor  
  130  14:22  Stalker x7  
  133  14:45  Stalker x2  
  133  14:46  Stalker x3  
  133  14:48  Probe (Chrono Boost)  
  133  14:49  Probe (Chrono Boost)  
  133  14:50  Probe (Chrono Boost)  
  146  14:55  Photon Cannon  
  146  15:06  Adept x3  
  147  15:15  Probe (Chrono Boost)  
  147  15:18  Adept x3  
  153  15:30  Adept  
  153  15:31  Adept x2  
  159  15:40  Adept x2  
  163  15:45  Templar Archives  
  163  15:54  Adept  
  163  15:55  Adept  
  167  16:03  Adept x2  
  167  16:13  Disruptor  
  160  16:28  High Templar x2  
  156  16:35  Nexus  
  156  16:36  Archon  
  156  16:37  High Templar x2  
  160  16:44  Stalker, Archon  
  160  16:45  Stalker  
  162  16:56  Adept x2  
  166  17:04  Adept x2  
  166  17:11  Pylon  
  166  17:18  Phoenix x2 (Chrono Boost)  
  174  17:27  Warp Prism  
  172  17:30  Adept x2  
  157  17:45  Adept  
  157  17:46  Adept  
  157  17:58  Adept  
  151  18:16  Stalker x2  
  151  18:17  Stalker x2  
  153  18:28  Observer  
  152  18:39  Nexus  
  152  18:44  Pylon  
  152  18:49  Zealot  
  154  18:59  Disruptor  
  153  19:19  Robotics Facility  
  133  19:35  Disruptor  
  128  19:43  Adept  
  128  19:44  Adept x2  
  134  20:01  Adept x2  
  138  20:09  Disruptor  
  138  20:10  Disruptor  
  142  20:22  Adept x3  
  148  20:29  Stalker  
  150  20:37  Adept  
  150  20:38  Adept  
  154  20:47  Disruptor  
  157  21:00  Adept x5  
  168  21:13  Immortal (Chrono Boost)  
  169  21:23  Immortal (Chrono Boost)  
  173  21:26  Adept x2  
  177  21:47  Adept x2  
  177  21:48  Adept x2  
  179  21:57  Immortal (Chrono Boost)  
  185  22:08  Immortal (Chrono Boost)  
  185  22:14  Zealot  
  175  22:23  Adept  
  175  22:25  Adept  
  173  22:31  Immortal (Chrono Boost)  
  175  22:41  Stalker x2  
  170  23:04  Adept x4  
  154  23:41  Probe  
  155  23:52  Probe  
  156  23:59  Stalker  
  156  24:00  Stalker x3  
  162  24:02  Probe  
  162  24:06  Probe  
  162  24:07  Probe  
  165  24:13  Probe  
  164  24:19  Stalker  
  164  24:24  Probe  
  160  24:30  Stalker  
  148  24:45  Stalker  
  146  25:00  Stalker  
  148  25:17  Adept  
  148  25:26  Observer (Chrono Boost)  
  138  25:46  Mothership Core  
  140  26:38  Disruptor (Chrono Boost)  
  133  27:56  Nexus  
Tags
 
Add a new tag
Caveats
  • Supply blocks, unpowered buildings, or Contaminate may cause inaccurate times.
  • Supply counts are checked every 10 seconds.